 Dungeon Crawl Stone Soup version 0.31-a0-344-gd109795599 (webtiles) character file.

Game seed: 5779487625354605186

200 GordonOverkill the Trooper (level 5, -7/43 HPs)
             Began as a Mummy Delver on July 22, 2023.
             Mangled by a black bear (8 damage)
             ... on level 5 of the Dungeon.
             The game lasted 00:02:57 (477 turns).

GordonOverkill the Trooper (Mummy Delver)            Turns: 477, Time: 00:02:57

Health: -7/43      AC: 10    Str: 20    XL:     5   Next: 48%
Magic:  5/5        EV:  6    Int:  9    God:
Gold:   0          SH:  0    Dex: 11    Spells: 4/4 levels left

rFire   x . .        g - +6 mace of the Iron City of Dis {heavy, rCorr Str+3 Dex-3 Stlth+}
rCold   + . .        (no shield)
rNeg    + + +        h - +0 plate armour
rPois   ∞            (no helmet)
rElec   .            (no cloak)
rCorr   +            (no gloves)
SInv    .            (no boots)
Will    .....        (no amulet) Stlth
                     (no ring)
HPRegen 0.27/turn    (no ring)
MPRegen 0.09/turn

%: faith
@: no status effects
A: cold resistance 1, negative energy resistance 3, torment resistance 2, heat
vulnerability 1, in touch with death 1, no potions, faith
a: no special abilities


You were on level 5 of the Dungeon.
You visited 2 branches of the dungeon, and saw 2 of its levels.

Inventory:

Hand Weapons
 a - a +0 short sword
 g - the +6 mace of the Iron City of Dis (weapon) {heavy, rCorr Str+3 Dex-3 Stlth+}
   (You found it on level 5 of the Dungeon)

   Str:       It affects your strength (+3).
   Dex:       It affects your dexterity (-3).
   rCorr:     It protects you from acid and corrosion.
   Stlth:     It makes you more stealthy.
 j - a +0 morningstar
 k - a +2 mace of draining
Armour
 b - a +0 leather armour
 h - a +0 plate armour (worn)
Wands
 f - a wand of digging (3)
Scrolls
 c - a scroll of fog
 d - a scroll of teleportation {unknown}
 e - 2 scrolls of fear
 i - a scroll of immolation {unknown}


   Skills:
 + Level 4.9 Fighting
 - Level 1.5 Short Blades
 + Level 3.0 Maces & Flails
 - Level 1.5 Dodging
 - Level 4.1 Stealth


You had 4 spell levels left.
You didn't know any spells.
Your spell library contained the following spells:

 Spells                   Type           Power      Damage    Failure   Level
 Summon Small Mammal      Summ           0%         N/A       100%        1
 Call Canine Familiar     Summ           0%         N/A       100%        3
 Summon Guardian Golem    Hex/Summ       0%         N/A       100%        3


Dungeon Overview and Level Annotations

Branches:
Dungeon (5/15)             Temple (1/1) D:5

Altars:
Ashenzari
Dithmenos
Fedhas
Gozag
Hepliaklqana
Kikubaaqudgha
Makhleb
Nemelex Xobeh
Okawaru
Qazlal
Trog
Uskayaw
Xom
Yredelemnul

Annotations:
D:5 Grinder


Innate Abilities, Weirdness & Mutations

You are immune to poison.
Your flesh is cold resistant. (rC+)
You are immune to negative energy. (rN+++)
You are immune to unholy pain and torment.
You are vulnerable to heat. (rF-)
You are in touch with the powers of death.
You do not drink.
You have a special connection with the divine. (Faith)


Message History

The black bear bites you.
The black bear claws you but does no damage. x2
You sock the black bear!
The black bear is almost dead.
The black bear goes berserk!
The black bear bites you.
The black bear claws you but does no damage.
The black bear claws you.
You are too injured to fight recklessly!
You are too injured to fight recklessly!
You are too injured to fight recklessly!
You are too injured to fight recklessly!
You barely miss the black bear.
The black bear is almost dead.
You hear the brisk hiss of an avalanche of sand.
The black bear barely misses you. The black bear claws you.
* * * LOW HITPOINT WARNING * * *
The black bear barely misses you. The black bear bites you.
* * * LOW HITPOINT WARNING * * *
The black bear claws you.
* * * LOW HITPOINT WARNING * * *
The black bear claws you but does no damage.
The black bear bites you.
* * * LOW HITPOINT WARNING * * *
The black bear barely misses you.
The black bear claws you but does no damage.
You hit the black bear.
The black bear is almost dead.
The black bear bites you.
* * * LOW HITPOINT WARNING * * *
The black bear claws you but does no damage.
The black bear barely misses you. The black bear bites you!
* * * LOW HITPOINT WARNING * * *
The black bear claws you.
* * * LOW HITPOINT WARNING * * *
The black bear claws you.
* * * LOW HITPOINT WARNING * * *
You closely miss the black bear.
The black bear is almost dead.
The black bear bites you!
You die...

*,* #.#**,..,,,,,,,**,
*,*##.+,*#.,,,,,,,,,,,
*,*#..#*#.*,,,,,,,,,,,
*,,#..##..**.......,,,
##,#..#...***...).,,,,
#..#......+∩##...#**##
##.#...#...*##..#'####(
*..#,#h##..##.....#....
*,#..#@#*#.#......#....
*,#..#.+,##.......#....
*^#....###........#....
*,#.##.##.........(....
*..,*#.#..#############
##*,*#...## #.....##
###..## ####


You could see a black bear (berserk).

Vanquished Creatures
  An ogre (D:5)
  2 hounds (D:5)
  An iguana (D:5)
  An adder (D:5)
  An ufetubus (D:5)
  5 orcs (D:5)
11 creatures vanquished.

Notes
Turn   | Place    | Note
-------+----------+-------------------------------------------
     0 | D:5      | GordonOverkill the Mummy Delver began the quest for the
                  | Orb.
     0 | D:5      | Reached XP level 1. HP: 18/18 MP: 1/1
     2 | D:5      | Identified the +6 mace of the Iron City of Dis {heavy,
                  | rCorr Str+3 Dex-3 Stlth+}
    84 | D:5      | Noticed an iguana
    92 | D:5      | Killed an iguana
    93 | D:5      | Reached skill level 1 in Maces & Flails
    93 | D:5      | Reached XP level 2. HP: 9/25 MP: 2/2
    93 | D:5      | Gained mutation: You are in touch with the powers of death.
                  | [Mummy growth]
    93 | D:5      | Reached XP level 3. HP: 10/30 MP: 3/3
   272 | D:5      | Noticed Grinder
   274 | D:5      | Paralysed by Grinder for 5 turns
   277 | D:5      | Noticed a black bear
   294 | D:5      | Noticed an ogre
   301 | D:5      | Killed an ogre
   302 | D:5      | Reached XP level 4. HP: 17/38 MP: 4/4
   385 | D:5      | Found a staircase to the Ecumenical Temple.
   391 | Temple   | Entered the Ecumenical Temple
   446 | D:5      | Reached XP level 5. HP: 35/43 MP: 5/5
   468 | D:5      | Noticed a black bear
   476 | D:5      | HP: 1/43 [black bear (5)]
   477 | D:5      | Mangled by a black bear

Illustrated notes

Levels and vault maps discovered:
D:5:      minmay_spotlight, layout_gridville,
          minmay_temple_entry_gardened_gates, nicolae_ossuary_entry_giza,
          uniq_menkaure, uniq_grinder
Temple:   nicolae_temple_two_arcs

Skill      XL: |  1  2  3  4  5 |
---------------+----------------+-----
Maces & Flails | 1 2 3 |  3.0
Fighting       | 4 |  4.9
Short Blades   | |  1.5
Dodging        | |  1.5
Stealth        | |  4.1

Action                     |  1- 3 |  4- 6 || total
---------------------------+-------+-------++-------
  Melee: Mace              |    18 |    18 ||    36
    Use: Scroll            |     1 |       ||     1
 Armour: Plate armour      |    11 |    21 ||    32
  Dodge: Dodged            |     2 |    19 ||    21

Table legend: (Time is in decaauts)
 A = Elapsed time spent in this place.
 B = Non-inter-level travel time spent in this place.
 C = Inter-level travel time spent in this place.
 D = Time resting spent in this place.
 E = Time spent auto-exploring this place.
 F = Levels seen in this place.
 G = Mean time per level.
                   A        B        C        D        E       F      G
               +--------+--------+--------+--------+--------+-----+--------+
         Total |    510 |    510 |      0 |    209 |      0 |   2 |  255.0 |
       Dungeon |    494 |    494 |      0 |    209 |      0 |   1 |  494.0 |
        Temple |     15 |     15 |      0 |      0 |      0 |   1 |   15.0 |
               +--------+--------+--------+--------+--------+-----+--------+

Top non-repeatable levels by time:
     D:5: 494 daAuts
  Temple: 15 daAuts
